Map: Ephemeron LE

Players

Mez

  • Race: Terran Terran
  • League: Master
  • Spawn Location: 5:00

WannaBeByuN - Winner!

  • Race: Terran Terran
  • League: Master
  • Spawn Location: 11:00

VOD

Have the link to the VOD?

Description

Time

  • Played on: Aug. 23, 2019, 10:05 a.m.
  • Length: 8:43
Show
View Real Time Build Order
Export as new Build Order

Mez Terran 

Build Orders: Reaper Expand 

Get SALT Encoding   

  12  0:00  SCV  
  13  0:13  SCV  
  14  0:17  Supply Depot  
  14  0:25  SCV  
  15  0:39  SCV  
  15  0:41  Barracks  
  16  0:44  Refinery  
  16  0:51  SCV  
  17  1:09  SCV  
  18  1:22  SCV  
  19  1:31  Reaper  
  20  1:34  Orbital Command  
  20  1:43  Command Center  
  20  1:52  Supply Depot  
  20  2:00  SCV  
  21  2:03  Marine  
  22  2:12  SCV  
  23  2:16  Factory  
  23  2:21  Refinery  
  23  2:24  SCV, Barracks Reactor  
  24  2:42  SCV  
  24  2:54  SCV  
  24  2:57  Orbital Command  
  25  3:03  Starport  
  25  3:06  SCV, Hellion x2  
  25  3:11  Barracks Tech Lab  
  30  3:19  SCV  
  30  3:20  Supply Depot  
  28  3:30  Hellion x2  
  32  3:40  Marauder  
  34  3:42  SCV x2  
  36  3:52  Hellion  
  34  4:03  Marauder  
  34  4:04  Medivac  
  34  4:05  Concussive Shells  
  38  4:10  SCV  
  38  4:11  SCV  
  40  4:20  Hellion  
  40  4:21  Hellion  
  40  4:23  SCV  
  45  4:25  SCV  
  46  4:32  Supply Depot  
  46  4:47  Starport Tech Lab  
  46  4:48  Viking  
  46  4:51  SCV x2  
  50  4:54  Factory Reactor  
  50  4:55  Stimpack  
  50  4:56  Marine, Barracks  
  50  4:59  Barracks  
  51  5:05  SCV  
  51  5:06  SCV  
  49  5:19  SCV x2  
  45  5:28  Marine  
  45  5:31  SCV x2  
  42  5:43  SCV  
  42  5:46  Marine, Starport Reactor  
  44  5:50  SCV  
  44  5:52  Factory Reactor  
  44  5:54  Marine x3  
  44  5:55  Marine, SCV  
  44  5:56  Command Center  
  50  6:02  SCV, Refinery  
  50  6:03  Factory Tech Lab  
  51  6:04  Marine  
  51  6:07  SCV  
  51  6:10  Refinery  
  53  6:12  Marine  
  53  6:14  SCV  
  53  6:16  Supply Depot x2  
  55  6:19  Marine x3, SCV  
  59  6:26  SCV  
  59  6:31  SCV  
  61  6:34  Marine  
  61  6:37  Marine x3  
  61  6:38  Siege Tank, SCV  
  69  6:47  Engineering Bay  
  69  6:48  Supply Depot  
  69  6:49  Engineering Bay  
  69  6:50  Medivac x2  
  69  6:51  Marine, Supply Depot  
  69  6:52  Marine  
  69  6:53  Combat Shield  
  75  6:55  Marine x2  
  77  7:03  SCV  
  77  7:07  Marine, SCV  
  80  7:09  Marine x2, Orbital Command  
  80  7:15  SCV  
  73  7:31  Marine x2, Orbital Command  
  73  7:32  Marine x3  
  73  7:33  Siege Tank, Medivac x2  
  73  7:35  SCV x2  
  85  7:46  Barracks  
  85  7:47  Barracks  
  85  7:50  Supply Depot  
  85  7:51  Supply Depot  
  85  7:53  Marine x3  
  85  7:56  SCV  
  85  7:58  SCV  
  90  8:09  Marine x2  
  90  8:10  SCV x2  
  90  8:11  Marine  
  88  8:23  Marine  
  88  8:24  Marine  
Show
View Real Time Build Order
Export as new Build Order

WannaBeByuN Terran - Winner!

Build Orders:  

Get SALT Encoding   

  12  0:00  SCV  
  13  0:13  SCV  
  14  0:17  Supply Depot  
  14  0:25  SCV  
  14  0:28  Refinery  
  15  0:38  SCV  
  16  0:47  Barracks  
  16  0:50  SCV  
  16  0:56  Refinery  
  17  1:03  SCV  
  18  1:15  SCV  
  19  1:34  Reaper  
  19  1:35  Orbital Command  
  19  1:38  Factory  
  20  1:50  Supply Depot  
  20  2:03  SCV  
  20  2:06  Reaper  
  22  2:15  SCV  
  23  2:23  Hellion  
  23  2:27  SCV  
  25  2:41  Reaper  
  26  2:44  SCV  
  26  2:46  Hellion  
  29  2:51  Supply Depot  
  29  2:52  Command Center  
  29  2:57  SCV  
  30  3:05  Starport  
  30  3:07  Factory Tech Lab  
  30  3:09  SCV  
  31  3:28  Barracks Tech Lab  
  31  3:30  SCV, Barracks Reactor  
  32  3:36  Cyclone  
  35  3:42  SCV  
  35  3:44  Supply Depot  
  35  3:48  Refinery  
  31  4:00  Starport Tech Lab  
  31  4:01  SCV  
  30  4:03  Orbital Command  
  30  4:07  Marine x2  
  32  4:15  Cyclone  
  35  4:17  SCV  
  35  4:21  Raven  
  38  4:29  Marine x2, SCV  
  41  4:32  SCV  
  42  4:41  SCV, Barracks  
  42  4:44  Barracks  
  43  4:46  SCV  
  44  4:53  SCV  
  44  4:57  Siege Tank  
  44  4:59  SCV  
  49  5:00  Engineering Bay  
  49  5:05  Marine x2, SCV  
  49  5:06  Raven  
  42  5:23  Marine x2  
  38  5:29  Siege Tank  
  38  5:45  SCV x2  
  38  5:47  Terran Infantry Weapons Level 1  
  40  5:53  Barracks Tech Lab  
  40  5:54  Marine x2  
  42  5:57  SCV  
  42  5:58  Marine  
  42  5:59  Stimpack  
  42  6:03  SCV  
  45  6:09  SCV  
  46  6:11  Marine  
  46  6:14  Marine x2  
  46  6:16  SCV  
  50  6:21  Combat Shield  
  50  6:22  Starport Reactor  
  50  6:23  SCV  
  51  6:31  Marine  
  51  6:32  Marine x2, SCV  
  55  6:39  SCV  
  56  6:41  Supply Depot  
  56  6:46  Supply Depot  
  56  6:49  Marauder  
  56  6:51  SCV  
  59  6:55  SCV  
  59  6:56  Marine x2  
  62  7:03  Supply Depot, Medivac x2  
  62  7:05  Siege Tank  
  62  7:06  SCV  
  70  7:11  Marine, Marauder  
  70  7:13  SCV  
  73  7:18  SCV  
  66  7:33  SCV  
  66  7:34  Marine x2  
  66  7:35  SCV  
  66  7:36  Medivac, Marauder  
  74  7:43  Marine  
  75  7:45  SCV  
  75  7:50  SCV  
  77  7:52  Marine x2  
  77  7:57  Marine, SCV  
  81  8:01  Marine  
  81  8:03  SCV  
  83  8:09  SCV  
  83  8:10  Marine, Supply Depot  
  83  8:12  Marine  
  85  8:15  Marine, SCV  
  76  8:39  Command Center  
Tags
 
Add a new tag
Caveats
  • Supply blocks, unpowered buildings, or Contaminate may cause inaccurate times.
  • Supply counts are checked every 10 seconds.